 Dungeon Crawl Stone Soup version 0.16.1-29-g3e760ad (webtiles) character file.

485 kae the Basher (level 6, -7/51 HPs)
             Began as a Minotaur Fighter on May 3, 2015.
             Mangled by Simboubou's ghost (8 damage)
             ... on level 4 of the Dungeon on June 9, 2015.
             The game lasted 00:04:53 (3171 turns).

kae the Basher (Minotaur Fighter)                   Turns: 3171, Time: 00:04:53

Health: -7/51      AC:  6    Str: 21    XL:     6   Next: 88%
Magic:  3/3        EV:  7    Int:  7    God:
Gold:   97         SH:  9    Dex:  9    Spells: 0 memorised, 5 levels left

rFire  . . .     SeeInvis .     a - +0 flail
rCold  . . .     Clarity  .     b - +0 scale mail
rNeg   . . .     SustAb   .     c - +0 shield
rPois  .         Gourm    .     (helmet restricted)
rElec  .         Spirit   .     (no cloak)
rCorr  .         Warding  .     (no gloves)
rMut   .         Stasis   .     (no boots)
MR     .....                    (no amulet)
Stlth  ..........               (no ring)
                                r - ring of loudness (curse)

@: not resistant to hostile enchantments, extremely unstealthy
A: retaliatory headbutt, horns 2
a: no special abilities


You were on level 4 of the Dungeon.
You were hungry.

You visited 1 branch of the dungeon, and saw 4 of its levels.

You collected 97 gold pieces.

Inventory:

Hand weapons
 a - a +0 flail (weapon)
Armour
 b - a +0 scale mail (worn)
 c - a +0 shield (worn)
Jewellery
 r - a cursed ring of loudness (left hand)
Scrolls
 e - a scroll of immolation {unknown}
 f - 2 scrolls of remove curse {unknown}
 g - a scroll of identify {unknown}
 k - a scroll of amnesia {unknown}
 l - a scroll of random uselessness {unknown}
 o - a scroll of enchant weapon {unknown}
 p - a scroll of teleportation {unknown}
Potions
 h - a potion of curing
 j - 3 potions of heal wounds {unknown}
 n - a potion of agility {unknown}
 q - a potion of haste {unknown}
Books
 u - a book of Ice

   Spells                             Type                      Level
   a - Ice Form                       Ice/Transmutation            4
   b - Metabolic Englaciation         Hexes/Ice                    5
   c - Ozocubu's Refrigeration        Ice                          6
   d - Bolt of Cold                   Conjuration/Ice              6
   e - Freezing Cloud                 Conjuration/Ice/Air          6
   f - Simulacrum                     Ice/Necromancy               6
Comestibles
 d - 4 bread rations
 i - 6 meat rations
 m - 2 slices of pizza
 s - a royal jelly


   Skills:
 - Level 3.6 Fighting
 + Level 9.0 Maces & Flails
 - Level 3.6 Armour
 - Level 3.6 Shields


You had 5 spell levels left.
You didn't know any spells.

Dungeon Overview and Level Annotations

Branches:
Dungeon (4/15)
 Temple: D:4-7

Altars:
Nemelex Xobeh

Annotations:
D:4 Simboubou's ghost, average MfGl


Innate Abilities, Weirdness & Mutations

You reflexively headbutt those who attack you in melee.
You have a pair of horns on your head.


Message History

Simboubou's ghost closely misses you.
You hit Simboubou's ghost but do no damage.
Simboubou's ghost is heavily damaged.
You block Simboubou's ghost's attack.
You hit Simboubou's ghost.
Simboubou's ghost is heavily damaged.
Simboubou's ghost hits you.
* * * LOW HITPOINT WARNING * * *
You hit Simboubou's ghost but do no damage.
Simboubou's ghost is heavily damaged.
You block Simboubou's ghost's attack.
All of the chunks of flesh in your inventory have rotted away.
You barely miss Simboubou's ghost. Your headbutt misses Simboubou's ghost.
Simboubou's ghost is heavily damaged.
Simboubou's ghost hits you.
* * * LOW HITPOINT WARNING * * *
You barely miss Simboubou's ghost.
Simboubou's ghost is heavily damaged.
Simboubou's ghost hits you!
You die...

#+### .... ##. .....
#.... +.... ......+....
#....# ......#.... #....
#.###+#.... #..# +###
#+##.......##..###...##.
...#.......#............
...#..%....'.....W.......
...#...g...#....@........
...#.......#.(...........
...+.......#.).)......<.
##.#.......###)####+###.
+# #+#... #.###..####+#
#.....)...........# .
+.....#...........# #
#.....#+###..###..#
#........##..###


You could see Simboubou's ghost.

Vanquished Creatures
  The ghost of DevDT the Insei, an average OpTm (D:3)
  3 wights (D:3)
  An orc priest (D:4)
  An orc wizard (D:4)
  A worker ant (D:4)
  6 adders
  7 gnolls
  A worm (D:3)
  A giant gecko (D:3)
  9 orcs
  3 ball pythons
  5 giant cockroaches
  7 hobgoblins
  8 kobolds
  2 quokkas
  6 bats
  4 giant newts
  7 goblins
  A jackal skeleton (D:4)
  9 rats
83 creatures vanquished.

Notes
Turn   | Place    | Note
--------------------------------------------------------------
     0 | D:1      | kae, the Minotaur Fighter, began the quest for the Orb.
     0 | D:1      | Reached XP level 1. HP: 19/19 MP: 1/1
     5 | D:1      | Upgraded the game from 0.16.1-18-g436b03c to 0.16.1-29-g3e760ad
   136 | D:1      | Reached XP level 2. HP: 26/26 MP: 1/1
   329 | D:1      | Reached skill level 4 in Maces & Flails
   902 | D:2      | Reached XP level 3. HP: 31/31 MP: 2/2
  1167 | D:2      | Found a sparkling altar of Nemelex Xobeh.
  1207 | D:2      | Reached skill level 5 in Maces & Flails
  1273 | D:3      | Reached XP level 4. HP: 39/39 MP: 2/2
  1668 | D:3      | Reached skill level 6 in Maces & Flails
  1736 | D:3      | Noticed DevDT's ghost (average OpTm)
  1753 | D:3      | Killed DevDT's ghost
  1753 | D:3      | Reached XP level 5. HP: 10/45 MP: 2/2
  2080 | D:3      | Reached skill level 7 in Maces & Flails
  2184 | D:3      | Reached XP level 6. HP: 4/51 MP: 3/3
  2421 | D:3      | Reached skill level 8 in Maces & Flails
  3089 | D:4      | Reached skill level 9 in Maces & Flails
  3156 | D:4      | Noticed Simboubou's ghost (average MfGl)
  3168 | D:4      | HP: 2/51 [Simboubou's ghost (3)]
  3171 | D:4      | Mangled by Simboubou's ghost

Action                   |  1- 3 |  4- 6 || total
-------------------------+-------+-------++-------
Melee: Flail             |    89 |   173 ||   262
  Use: Potion            |       |     4 ||     4
  Eat: Chunk             |       |     7 ||     7
